 Dungeon Crawl Stone Soup version 0.29-a0-360-g8ed1089bbe (webtiles) character file.

Game seed: 12821742870807745808

18 Hubjo the Firebug (level 2, -1/16 HPs)
             Began as a Deep Elf Fire Elementalist on Apr 28, 2022.
             Slain by a hobgoblin (2 damage)
             ... on level 1 of the Dungeon.
             The game lasted 00:00:54 (993 turns).

Hubjo the Firebug (Deep Elf Fire Elementalist)       Turns: 993, Time: 00:00:54

Health: -1/16      AC:  2    Str:  5    XL:     2   Next: 51%
Magic:  8/8        EV: 12    Int: 19    God:
Gold:   27         SH:  0    Dex: 15    Spells: 6/7 levels left

rFire   . . .      SeeInvis .   (no weapon)
rCold   . . .      Faith    .   (no shield)
rNeg    . . .      Spirit   .   a - +0 robe
rPois   .          Reflect  .   (no helmet)
rElec   .          Harm     .   (no cloak)
rCorr   .          Rampage  .   (no gloves)
Will    .....                   (no boots)
Stlth   ++........              (no amulet)
HPRegen 0.05/turn               (no ring)
MPRegen 0.11/turn               (no ring)

@: no status effects
A: no striking features
a: no special abilities


You were on level 1 of the Dungeon.
You visited 1 branch of the dungeon, and saw 1 of its levels.

You collected 27 gold pieces.

Inventory:

Armour
 a - a +0 robe (worn)
Magical Staves
 f - a staff of conjuration
Scrolls
 c - a scroll of enchant armour {unknown}
Potions
 b - a potion of magic
 d - a potion of curing {unknown}
 e - a potion of mutation {unknown}


   Skills:
 * Level 1.0 Fighting
 - Level 2.4 Dodging
 + Level 2.8 Stealth
 + Level 3.3 Spellcasting
 - Level 1.1 Conjurations
 + Level 3.5 Fire Magic


You had 6 spell levels left.
You knew the following spells:

 Your Spells              Type           Power      Damage    Failure   Level
a - Foxfire               Conj/Fire      44%        2x1d6     6%          1

Your spell library contained the following spells:

 Spells                   Type           Power      Damage    Failure   Level
 Scorch                   Fire           32%        2d6       5%          2
 Conjure Flame            Conj/Fire      11%        6-21      17%         3
 Inner Flame              Hex/Fire       9%         N/A       22%         3
 Ignite Poison            Fire/Tmut/Pois 7%         N/A       26%         3
 Flame Wave               Conj/Fire      11%        2d5       50%         4
 Sticky Flame             Conj/Fire      11%        2d3       50%         4


Dungeon Overview and Level Annotations

Branches:
Dungeon (1/15)

Altars:


Message History

[Y]es or [N]o only, please.
Really attack while wielding nothing? [Y]es or [N]o only, please.
Really attack while wielding nothing? [Y]es or [N]o only, please.
Really attack while wielding nothing?
Okay, then.
The foxfire hits the giant cockroach.
The giant cockroach is almost dead.
The foxfire hits the giant cockroach.
You kill the giant cockroach!
You now have 22 gold pieces (gained 10).
You now have 27 gold pieces (gained 5).
A hobgoblin comes into view.
A hobgoblin is nearby!
A hobgoblin is nearby!
A hobgoblin is nearby!
A hobgoblin comes into view.
A kobold comes into view. It is wielding a +0 dagger.
Found a club.
The hobgoblin shouts!
A hobgoblin comes into view.
The kobold moves out of view.
The hobgoblin hits you but does no damage.
The hobgoblin barely misses you.
The hobgoblin shouts! x2; The kobold shouts!
The hobgoblin completely misses you. The hobgoblin misses you.
The hobgoblin barely misses you. The hobgoblin hits you.
The hobgoblin misses you. The hobgoblin barely misses you.
The kobold throws a stone.
The stone barely misses you. The hobgoblin misses you. The hobgoblin hits you.
The hobgoblin misses you.
The hobgoblin hits you but does no damage.
The hobgoblin hits you. x2
The hobgoblin barely misses you. The kobold hits you with a +0 dagger.
The hobgoblin closely misses you. The hobgoblin hits you.
* * * LOW HITPOINT WARNING * * *
The hobgoblin closely misses you. The kobold closely misses you.
The hobgoblin hits you.
You die...

#.....####.#. ...
....##............
#...
#.#.##.....###.#..
#...##.#g##.....#
#....
#......#.########
###.# #...#..#.#
#.# .....#.#
########.# #gKg.#
#........# #@..##
#.########
#g#...####.#
..#.#.....#.#
..##.#.#.##.#.#
#.) #g#.#......#
#. # #P#..##### #
#P#..# #.#..#
P#...#


You could see 3 hobgoblins and a kobold.

Vanquished Creatures
  A dart slug (D:1)
  A ball python (D:1)
  2 bats (D:1)
  An endoplasm (D:1)
  2 giant cockroaches (D:1)
  A hobgoblin (D:1)
  3 jackals (D:1)
  A kobold (D:1)
  2 rats (D:1)
14 creatures vanquished.

Vanquished Creatures (others)
  80 foxfires (D:1)
80 creatures vanquished.

Grand Total: 94 creatures vanquished

Notes
Turn   | Place    | Note
-------+----------+-------------------------------------------
     0 | D:1      | Hubjo the Deep Elf Fire Elementalist began the quest for
                  | the Orb.
     0 | D:1      | Reached XP level 1. HP: 10/10 MP: 6/6
   277 | D:1      | Reached XP level 2. HP: 16/16 MP: 2/8
   702 | D:1      | Reached skill level 1 in Fighting
   993 | D:1      | Slain by a hobgoblin

Illustrated notes

Levels and vault maps discovered:
D:1:      saegor_arrival_under_anarchy, layout_loops_cross,
          shapermc_ecumenical_altar_rom_forum, st_stairs_7,
          serial_park_tiny_pond

Skill      XL: |  1  2 |
---------------+-------+-----
Fighting       | 1 |  1.0
Dodging        | |  2.4
Stealth        | |  2.8
Spellcasting   | |  3.3
Conjurations   | |  1.1
Fire Magic     | |  3.5

Action                   || total
-------------------------++-------
 Cast: Foxfire           ||    51
Armor: Robe              ||     3
Dodge: Dodged            ||    14

Table legend: (Time is in decaauts)
 A = Elapsed time spent in this place.
 B = Non-inter-level travel time spent in this place.
 C = Inter-level travel time spent in this place.
 D = Time resting spent in this place.
 E = Time spent auto-exploring this place.
 F = Levels seen in this place.
 G = Mean time per level.
                   A        B        C        D        E       F      G
               +--------+--------+--------+--------+--------+-----+--------+
         Total |    993 |    993 |      0 |      0 |    884 |   1 |  993.0 |
       Dungeon |    993 |    993 |      0 |      0 |    884 |   1 |  993.0 |
               +--------+--------+--------+--------+--------+-----+--------+

Top non-repeatable levels by time:
     D:1: 993 daAuts
